 Dungeon Crawl Stone Soup version 0.30-a0-377-g5cb311bc9f (webtiles) character file.

Game seed: 498140477893448192

112 bande the Covered (level 4, -2/29 HPs)
             Began as a Gargoyle Fighter on Nov 30, 2022.
             Slain by a gnoll
             ... wielding a +0 spear
             ... led by a gnoll bouda
              (4 damage)
             ... on level 3 of the Dungeon.
             The game lasted 00:04:29 (1824 turns).

bande the Covered (Gargoyle Fighter)                Turns: 1824, Time: 00:04:31

Health: -2/29      AC: 17    Str: 19    XL:     4   Next: 93%
Magic:  4/4        EV:  5    Int:  9    God:
Gold:   76         SH:  4    Dex: 11    Spells: 3/3 levels left

rFire   . . .      SeeInvis .    a - +0 war axe (venom)
rCold   . . .      Faith    .    c - +0 buckler
rNeg    + + .      Spirit   .    f - +0 plate armour
rPois   ∞          Reflect  .    (no helmet)
rElec   +          Harm     .    (no cloak)
rCorr   .          Rampage  .    s - +1 pair of gloves
Will    .....                    (no boots)
Stlth   ..........               j - amulet of regeneration
HPRegen 1.04/turn                o - ring of positive energy
MPRegen 0.09/turn                (no ring)

@: weakened
A: sickness immunity, AC +3, negative energy resistance 1, electricity
resistance, torment resistance 1, petrification resistance
a: no special abilities


You were on level 3 of the Dungeon.
You visited 1 branch of the dungeon, and saw 3 of its levels.

You collected 76 gold pieces.

Inventory:

Hand Weapons
 a - a +0 war axe of venom (weapon)
Missiles
 r - a throwing net (quivered)
Armour
 c - a +0 buckler (worn)
 f - a +0 plate armour (worn)
 s - a +1 pair of gloves (worn)
Jewellery
 j - an amulet of regeneration (around neck)
 n - a ring of fire
 o - a ring of positive energy (left hand)
Scrolls
 e - a scroll of brand weapon
Potions
 d - a potion of might
 h - a potion of magic
 i - a potion of curing
 k - a potion of degeneration {unknown}
 l - a potion of brilliance {unknown}
 m - a potion of lignification {unknown}
 p - a potion of flight {unknown}
 t - a potion of heal wounds {unknown}


   Skills:
 + Level 3.9 Fighting
 + Level 3.2 Axes
 + Level 4.0 Armour
 + Level 3.8 Shields


You had 3 spell levels left.
You didn't know any spells.
Your spell library contained the following spells:

 Spells                   Type           Power      Damage    Failure   Level
 Apportation              Tloc           0%         N/A       100%        1
 Necrotise                Necr           0%         1d4       100%        1
 Summon Small Mammal      Summ           0%         N/A       100%        1


Dungeon Overview and Level Annotations

Branches:
Dungeon (3/15)

Altars:


Innate Abilities, Weirdness & Mutations

You are immune to sickness and miasma.
Your stone body is resilient. (AC +3)
You are immune to poison.
You resist negative energy. (rN+)
You are resistant to electric shocks. (rElec)
You are resistant to unholy torment.
You are immune to petrification.


Message History

You hit the gnoll bouda.
The gnoll bouda is poisoned.
The gnoll bouda is lightly wounded.
The gnoll barely misses you. x2
The gnoll hits you from afar with a +0 spear.
The gnoll hits you but does no damage. x2
You completely miss the gnoll bouda.
The gnoll bouda is moderately wounded.
You block the gnoll's attack.
The gnoll bouda hits you but does no damage.
The gnoll hits you from afar with a +0 spear.
You block the gnoll's attack.
The gnoll bouda gazes fiercely through you!
You feel your attacks grow feeble.
The gnoll bouda hits you with a +0 club!
The gnoll barely misses you.
You slash the gnoll bouda!
The gnoll bouda looks as sick as possible!
The gnoll bouda is severely wounded.
The gnoll hits you but does no damage. x3
The gnoll bouda prays to its god.
The gnoll bouda is healed somewhat.
The gnoll hits you from afar with a +0 spear.
You block the gnoll's attack.
You barely miss the gnoll bouda.
The gnoll bouda is heavily wounded.
The gnoll hits you but does no damage.
The gnoll bouda gazes fiercely through you!
You feel as though you will be weak longer.
The gnoll hits you but does no damage. The gnoll barely misses you.
The gnoll bouda prays to its god.
The gnoll bouda is healed somewhat.
The gnoll hits you from afar with a +0 spear.
You barely miss the gnoll. You barely miss the gnoll bouda.
The gnoll hits you from afar with a +0 spear!
* * * LOW HITPOINT WARNING * * *
The gnoll hits you from afar with a +0 spear.
* * * LOW HITPOINT WARNING * * *
The gnoll hits you but does no damage.
The gnoll hits you from afar with a +0 spear.
You die...

.. #. ..####.
....... #...?..##
#.......##
##.#..gg. #
#...#g..#####.. .
#.....g@g.....#
......#.........#
....#####..####.#
#.........#
#........##
###..###>#######
#............#
#.####.#####.#
#.#


You could see a gnoll bouda (very poisoned) and 4 gnolls.

Vanquished Creatures
  A hound (D:3)
  An adder (D:3)
  A worm (D:2)
  4 dart slugs
  4 endoplasms
  4 giant cockroaches
  A goblin (D:3)
  3 hobgoblins
  6 jackals
  7 kobolds
  4 quokkas (D:2)
  8 ball pythons
  6 bats
  7 frilled lizards
  3 rats (D:1)
60 creatures vanquished.

Notes
Turn   | Place    | Note
-------+----------+-------------------------------------------
     0 | D:1      | bande the Gargoyle Fighter began the quest for the Orb.
     0 | D:1      | Reached XP level 1. HP: 14/14 MP: 1/1
    89 | D:1      | Reached XP level 2. HP: 18/19 MP: 2/2
   557 | D:1      | Reached XP level 3. HP: 15/24 MP: 3/3
  1374 | D:2      | Reached XP level 4. HP: 29/29 MP: 4/4
  1795 | D:3      | Reached skill level 4 in Armour
  1824 | D:3      | Slain by a gnoll

Illustrated notes

Levels and vault maps discovered:
D:1:      shiori_shiawase, layout_basic
D:2:      layout_loops_corners
D:3:      minmay_chambers_of_threes, layout_loops_ring,
          ebering_ecumenical_altar_hall, hangedman_decor_lopped, feat_on_display

Skill      XL: |  1  2  3  4 |
---------------+-------------+-----
Axes           | 2 3 |  3.2
Armour         | 4 |  4.0
Fighting       | |  3.9
Shields        | |  3.8

Action                   |  1- 3 |  4- 6 || total
-------------------------+-------+-------++-------
Melee: War axe           |   142 |    40 ||   182
  Use: Scroll            |       |     6 ||     6
Armor: Scale mail        |    24 |       ||    24
       Plate armour      |    90 |    45 ||   135
Dodge: Dodged            |    63 |    11 ||    74
Block: Buckler           |    36 |    10 ||    46

Table legend: (Time is in decaauts)
 A = Elapsed time spent in this place.
 B = Non-inter-level travel time spent in this place.
 C = Inter-level travel time spent in this place.
 D = Time resting spent in this place.
 E = Time spent auto-exploring this place.
 F = Levels seen in this place.
 G = Mean time per level.
                   A        B        C        D        E       F      G
               +--------+--------+--------+--------+--------+-----+--------+
         Total |   1900 |   1815 |     85 |     37 |   1272 |   3 |  633.3 |
       Dungeon |   1900 |   1815 |     85 |     37 |   1272 |   3 |  633.3 |
               +--------+--------+--------+--------+--------+-----+--------+

Top non-repeatable levels by time:
     D:2: 983 daAuts
     D:1: 796 daAuts
     D:3: 120 daAuts
